 Dungeon Crawl Stone Soup version 0.31-a0-214-gb37851dbb3 (webtiles) character file.

Game seed: 2493709424364550640

1642145 EnegeticOcto the Hellbinder (level 24, 223/223 HPs)
             Began as a Grey Draconian Summoner on July 1, 2023.
             Was an Initiate of Yredelemnul.
             Escaped with the Orb
             ... and 3 runes!
             The game lasted 02:13:46 (67154 turns).

EnegeticOcto the Hellbinder (DrSu)                 Turns: 67154, Time: 02:13:47

Health: 223/223    AC: 28    Str: 13    XL:     24   Next: 85%
Magic:  53/53      EV: 15    Int: 27    God:    Yredelemnul [......]
Gold:   760        SH: 15    Dex: 10    Spells: 27/57 levels left

rFire   + . .        I - +9 demon trident (protect)
rCold   + . .        N - +3 kite shield
rNeg    + . .        (body armour unavailable)
rPois   .            L - +3 crown of Dyrovepreva {rElec Int+2 SInv}
rElec   +            v - +1 cloak "Xodeg" {rC+}
rCorr   +            Y - +2 pair of gloves {hurl}
SInv    +            B - +2 pair of boots {Fly}
Will    ++...        M - amulet of magic regeneration
Stlth   +            k - ring "Pughit" {rN+ Will+}
HPRegen 0.57/turn    X - ring of the Monkey {rElec rF+ rCorr MP+9 Dex-2}
MPRegen 0.73/turn

%: no passive effects
@: flying, studying Unarmed Combat
A: AC +17, amphibious, unfitting armour, cold-blooded
0: Orb of Zot
}: 3/15 runes: barnacled, silver, gossamer
a: Renounce Religion, Recall Undead Harvest


You escaped.
You worshipped Yredelemnul.
Yredelemnul was noncommittal.
You visited 11 branches of the dungeon, and saw 53 of its levels.
You visited 1 bazaar.
You also visited: Trove, Sewer, Bailey, Gauntlet and Ice Cave.

You collected 6669 gold pieces.
You spent 5909 gold pieces at shops.

Inventory:

Hand Weapons
 a - the +8 trishula "Condemnation" {holy, anguish, *Noise Fly rN+}
   (You found it on level 5 of the Realm of Zot)

   rN:        It protects you from negative energy.
   Fly:       It grants you flight.
   *Noise:    It may make noises in combat.
   Yredelemnul disapproves of the use of such an item.
 I - a +9 demon trident of protection (weapon)
   (You took it off a hell knight on level 3 of the Depths)
 J - a +1 whip of distortion
   (You took it off a gnoll on level 9 of the Dungeon)
Missiles
 g - 5 throwing nets (quivered) {!f}
 Q - 4 curare-tipped darts
Armour
 v - the +1 cloak "Xodeg" (worn) {rC+}
   (You bought it in a shop on level 2 of the Orcish Mines)

   rC:        It protects you from cold.
 B - a +2 pair of boots of flying (worn)
   (You found it in a bailey)
 L - the +3 crown of Dyrovepreva (worn) {rElec Int+2 SInv}
   (You found it on level 3 of the Lair of Beasts)

   Int:       It affects your intelligence (+2).
   rElec:     It insulates you from electricity.
   SInv:      It lets you see invisible.
 N - a +3 kite shield (worn)
   (You took it off a vault warden on level 5 of the Vaults)
 Y - a +2 pair of gloves of hurling (worn)
   (You bought it in a shop on level 2 of the Orcish Mines)
Magical Staves
 b - a staff of fire
   (You took it off a minotaur in a Gauntlet)
 s - a staff of poison
   (You found it on level 3 of the Shoals)
Jewellery
 k - the ring "Pughit" (left hand) {rN+ Will+}
   (You took it off a deep elf death mage on level 3 of the Elven Halls)

   [ring of positive energy]

   rN:        It protects you from negative energy.
   Will:      It increases your willpower.
 M - an amulet of magic regeneration (around neck)
   (You bought it in a shop on level 2 of the Dungeon)
 X - the ring of the Monkey (right hand) {rElec rF+ rCorr MP+9 Dex-2}
   (You bought it in a shop on level 2 of the Orcish Mines)

   [ring of magical power]

   Dex:       It affects your dexterity (-2).
   rF:        It protects you from fire.
   rElec:     It insulates you from electricity.
   MP:        It affects your magic capacity (+9).
   rCorr:     It protects you from acid and corrosion.
Wands
 w - a wand of light (43) {@v1}
   (You found it on level 6 of the Dungeon)
 y - a wand of polymorph (38)
   (You found it on level 6 of the Dungeon)
 C - a wand of mindburst (27)
   (You found it on level 7 of the Dungeon)
 D - a wand of charming (69)
   (You found it on level 7 of the Dungeon)
 H - a wand of iceblast (41) {@v2}
   (You found it on level 8 of the Dungeon)
 K - a wand of digging (20) {@v3}
   (You found it on level 9 of the Dungeon)
Scrolls
 c - 12 scrolls of fear {!r}
 f - 2 scrolls of silence {!r}
 h - a scroll of blinking {@r4}
 j - 20 scrolls of teleportation {@r3 !r}
 l - 5 scrolls of amnesia
 n - 9 scrolls of fog {!r}
 o - 2 scrolls of revelation {@r5 !r}
 p - 2 scrolls of butterflies
 F - 8 scrolls of poison
 O - a scroll of immolation
 U - 8 scrolls of vulnerability
 W - 5 scrolls of torment
Potions
 d - 10 potions of ambrosia
 e - 3 potions of lignification {@q6}
 i - 10 potions of attraction
 m - 11 potions of might {@q3 !q}
 q - 6 potions of mutation
 r - 11 potions of brilliance
 t - 9 potions of curing {@q1 !q}
 u - 8 potions of enlightenment
 x - 7 potions of heal wounds {@q2 !q}
 z - 5 potions of resistance
 A - 6 potions of haste {@q4 !q}
 E - 5 potions of magic
 G - 5 potions of invisibility
 P - 7 potions of cancellation
 Z - 2 potions of berserk rage
Miscellaneous
 R - a sack of spiders
   (You found it on level 4 of the Lair of Beasts)
 S - a phantom mirror (inert)
   (You found it in a Gauntlet)
 T - a phial of floods
   (You found it in a Gauntlet)
 V - a tin of tremorstones (2/2)
   (You found it in a Gauntlet)


   Skills:
 + Level 19.8 Fighting
 - Level 14.0 Polearms
 - Level 13.0 Dodging
 - Level 3.0 Stealth
 - Level 15.0 Shields
 - Level 17.0 Spellcasting
 + Level 8.6 Conjurations
 - Level 4.0 Hexes
 O Level 27 Summonings
 - Level 3.0 Translocations
 + Level 8.6 Transmutations
 - Level 6.0 Evocations


You had 27 spell levels left.
You knew the following spells:

 Your Spells              Type           Power      Damage    Failure   Level
b - Dragon's Call         Summ           53%        N/A       6%          9
c - Monstrous Menagerie   Summ           53%        N/A       1%          7
d - Summon Mana Viper     Hex/Summ       82%        N/A       1%          5
p - Passwall              Tmut/Erth      38%        N/A       1%          2
z - Irradiate             Conj/Tmut      31%        3d22      3%          5
Y - Blink                 Tloc           78%        N/A       1%          2

Your spell library contained the following spells:

 Spells                   Type           Power      Damage    Failure   Level
 Summon Small Mammal      Summ           100%       N/A       0%          1
 Call Imp                 Summ           100%       N/A       0%          2
 Call Canine Familiar     Summ           100%       N/A       0%          3
 Summon Cactus Giant      Summ           53%        N/A       0%          6
 Kiss of Death            Conj/Necr      100%       2d13      1%          1
 Magic Dart               Conj           100%       1d8       1%          1
 Shock                    Conj/Air       100%       1d9       1%          1
 Slow                     Hex            100%       N/A       1%          1
 Lesser Beckoning         Tloc           78%        N/A       1%          2
 Momentum Strike          Conj/Tloc      100%       3d10      1%          2
 Searing Ray              Conj           100%       2d8       1%          2
 Static Discharge         Conj/Air       92%        2-6/arc   1%          2
 Dazzling Flash           Conj/Hex       100%       N/A       1%          3
 Hailstorm                Conj/Ice       46%        3d11      1%          3
 Stone Arrow              Conj/Erth      92%        3d12      1%          3
 Summon Guardian Golem    Hex/Summ       82%        N/A       1%          3
 Summon Ice Beast         Ice/Summ       77%        N/A       1%          4
 Summon Lightning Spire   Summ/Air       77%        N/A       1%          4
 Summon Forest            Summ/Tloc      40%        N/A       1%          5
 Summon Hydra             Summ           53%        N/A       1%          7
 Ensorcelled Hibernation  Hex/Ice        66%        N/A       2%          2
 Confusing Touch          Hex            44%        N/A       2%          3
 Portal Projectile        Hex/Tloc       82%        N/A       2%          3
 Tukima's Dance           Hex            44%        N/A       2%          3
 Spellforged Servitor     Conj/Summ      43%        N/A       2%          7
 Freeze                   Ice            88%        1d9       3%          1
 Necrotise                Necr           88%        1d8       3%          1
 Sandblast                Erth           44%        2d11      3%          1
 Gell's Gravitas          Tloc           39%        N/A       3%          3
 Teleport Other           Tloc           39%        N/A       3%          3
 Fulminant Prism          Conj/Hex       27%        3d14      3%          4
 Iskenderun's Mystic Bla  Conj/Tloc      53%        2d11      3%          4
 Blade Hands              Tmut           31%        N/A       3%          5
 Iskenderun's Battlesphe  Conj           62%        2d11      3%          5
 Inner Flame              Hex/Fire       33%        N/A       4%          3
 Cigotuvi's Dreadful Rot  Necr/Pois/Air  44%        N/A       6%          2
 Scorch                   Fire           44%        2d6       6%          2
 Sublimation of Blood     Necr           22%        N/A       6%          2
 Volatile Blastmotes      Fire/Tloc      62%        2d15      6%          3
 Flame Wave               Conj/Fire      46%        2d12      7%          4
 Petrify                  Tmut/Erth      46%        N/A       7%          4
 Sticky Flame             Conj/Fire      46%        2d6       7%          4
 Cause Fear               Hex            22%        N/A       8%          4
 Yara's Violent Unravell  Hex/Tmut       27%        3d12      9%          5
 Passage of Golubria      Tloc           39%        N/A       11%         4
 Frozen Ramparts          Ice            44%        1d7       12%         3
 Ozocubu's Armour         Ice            22%        N/A       12%         3
 Swiftness                Air            22%        N/A       12%         3
 Vampiric Draining        Necr           22%        2d7       12%         3
 Alistair's Intoxication  Tmut/Pois      30%        N/A       19%         5
 Fireball                 Conj/Fire      23%        3d11      19%         5
 Airstrike                Air            11%        2d(2-18)  36%         4
 Dispel Undead            Necr           22%        3d12      36%         4
 Dragon Form              Tmut           31%        N/A       67%         7
 Orb of Destruction       Conj           31%        9d10      67%         7
 Agony                    Necr           22%        N/A       71%         5
 Borgnjor's Vile Clutch   Necr/Erth      11%        N/A       71%         5
 Conjure Ball Lightning   Conj/Air       23%        3x3d6     71%         6
 Eringya's Noxious Bog    Tmut/Pois      23%        N/A       71%         6
 Starburst                Conj/Fire      23%        6d8       71%         6
 Dispersal                Tloc           19%        N/A       86%         6
 Enfeeble                 Hex            22%        N/A       99%         7
 Ozocubu's Refrigeration  Ice            11%        4d9       100%        7
 Discord                  Hex            22%        N/A       100%        8
 Disjunction              Tloc           19%        N/A       100%        8
 Ignition                 Fire           11%        3d5       100%        8
 Lehudib's Crystal Spear  Conj/Erth      23%        10d6      100%        8
 Polar Vortex             Ice            11%        N/A       100%        9
 Animate Armour           Summ/Erth      Unusable   N/A       N/A         4
 Animate Dead             Necr           Unusable   N/A       N/A         4
 Death Channel            Necr           Unusable   N/A       N/A         6
 Simulacrum               Ice/Necr       Unusable   N/A       N/A         6

Dungeon Overview and Level Annotations

Branches:
Dungeon (15/15)            Temple (1/1) D:7            Lair (5/5) D:11
 Shoals (4/4) Lair:2       Spider (4/4) Lair:2        Slime (5/5) Lair:5
    Orc (2/2) D:12            Elf (3/3) Orc:2        Vaults (5/5) D:14
  Crypt (0/3) Vaults:2     Depths (4/4) D:15            Zot (5/5) Depths:4
  Sewer (visited)          Bailey (visited)           IceCv (visited)
Gauntlet (visited)

Altars:
Ashenzari
Cheibriados
Dithmenos
Elyvilon
Fedhas
Gozag
Hepliaklqana
Kikubaaqudgha
Makhleb
Nemelex Xobeh
Okawaru
Qazlal
Ru
Sif Muna
Trog
Uskayaw
Vehumet
Wu Jian
Xom
Yredelemnul
Zin
The Shining One
Jiyva

Shops:
D:2 =   D:9 :   D:12 :[(   Orc:2 [=[(   Elf:1 =   Elf:3 (   Vaults:2 =
Vaults:3 *   Vaults:4 [(   Vaults:5 (*   Depths:1 =:*=

Portals:
Hell: Depths:1 Depths:2 Depths:3 Depths:4
Abyss: Depths:1 Depths:3
Pandemonium: Depths:2
Ziggurat: Depths:1

Annotations:
D:10 1 runed translucent door
Slime:5 Royal Jelly
Elf:2 3 runed translucent doors, exclusion: door
Depths:3 2 transporters
Depths:4 1 exclusion


Innate Abilities, Weirdness & Mutations

Your dull iron-grey scales are very hard. (AC +17)
You are amphibious.
You cannot fit into any form of body armour.
You are cold-blooded and may be slowed by cold attacks.


Message History

Your storm dragon breathes lightning at the daeva.
The bolt of lightning hits the daeva!!!
The bolt of lightning misses the daeva.
Your shadow dragon bites the daeva but does no damage.
The daeva blocks your shadow dragon's attack. x2
The daeva hits your storm dragon with a +4 eudemon blade of holy wrath!!
The daeva hits your storm dragon with a +4 eudemon blade of holy wrath.
You hear a bark!
You fly upwards.
There is a stone staircase leading down here.
(D) Dungeon (T) Temple (L) Lair (A) Shoals (N) Spider Nest (M) Slime Pits (O) Orcish Mines (E) Elven Halls (V) Vaults (C) Crypt (U) Depths (H) Hell (Z) Zot
Where to? (Enter - D:1 @ (x,y), ? - help) Magic restored.
There is a stone staircase leading up here.
You fly upwards.
The roar of the dragon horde subsides.
There is a stone staircase leading down here.
(D) Dungeon (T) Temple (L) Lair (A) Shoals (N) Spider Nest (M) Slime Pits (O) Orcish Mines (E) Elven Halls (V) Vaults (C) Crypt (U) Depths (H) Hell (Z) Zot
Where to? (Enter - D:1 @ (x,y), ? - help)
There is a stone staircase leading up here.
You fly upwards.
There is a stone staircase leading down here.
A Tzitzimitl comes into view.
There is a stone staircase leading up here.
You fly upwards.
Level annotation: 1 runed translucent door
There is a stone staircase leading down here.
(D) Dungeon (T) Temple (L) Lair (A) Shoals (N) Spider Nest (M) Slime Pits (O) Orcish Mines (E) Elven Halls (V) Vaults (C) Crypt (U) Depths (H) Hell (Z) Zot
Where to? (Enter - D:1 @ (x,y), ? - help)
There is an open door here.
You can once more reach out to the dragon horde.
There is an open door here.
There is a stone staircase leading up here.
You fly upwards.
There is a stone staircase leading down here.
HP restored.
There is a stone staircase leading up, spattered with blood here.
You fly upwards.
There is a stone staircase leading down here.
There is a stone staircase leading up here.
You fly upwards.
There is a stone staircase leading down here.
Things that are here:
a +0 robe; a +0 dagger
There is a stone staircase leading up here.
You fly upwards.
There is a stone staircase leading down here.
A hellion comes into view.
There is a stone staircase leading up here.
You fly upwards.
There is a stone staircase leading down here.
(D) Dungeon (T) Temple (L) Lair (A) Shoals (N) Spider Nest (M) Slime Pits (O) Orcish Mines (E) Elven Halls (V) Vaults (C) Crypt (U) Depths (H) Hell (Z) Zot
Where to? (Enter - D:1 @ (x,y), ? - help)
There is an open door here.
There is an open door here.
There is a stone staircase leading up here.
You fly upwards.
There is a stone staircase leading down here.
There is an open door here.
There is a stone staircase leading up here.
You fly upwards.
There is a stone staircase leading down here.
An Orb Guardian comes into view.
The Orb Guardian moves out of view.
There is a stone staircase leading up here.
You fly upwards.
There is a stone staircase leading down here.
(D) Dungeon (T) Temple (L) Lair (A) Shoals (N) Spider Nest (M) Slime Pits (O) Orcish Mines (E) Elven Halls (V) Vaults (C) Crypt (U) Depths (H) Hell (Z) Zot
Where to? (Enter - D:1 @ (x,y), ? - help)
You see here a +0 robe.
There is a stone staircase leading up here.
You fly upwards.
There is a stone staircase leading down here.
There is an open door here.
There is an open door here.
There is an open door here.
You see here a +0 club.
A hell beast comes into view.
The hell beast gives a hideous shriek!
There is an open door here.
The hell beast misses you. You block the hell beast's attack.
You reach down and open the door.
You block the hell beast's attack. x2
Blink to where?
Press: ? - help, Dir - move target
As you read the scroll of blinking {@r4}, it crumbles to dust.
You have escaped!

.## ##.....## ..##
##.......#### ...#
#.........'.#
..#####.......##'#
.###.###.....###.##
###...###...###...##
##.....###.###.....##
#.......##'##.......##
.).......'.'.2..@....#
#.......##'##.......##
##.....###.###.....##
###...###...###...##
.###.###.....###.##
..#####.......##+#
...# #.........'.#
..## ##.......#### .##
##.....##


You could see a hell beast.

Vanquished Creatures
  A tentacled monstrosity (Zot:1)
  An Executioner (D:15)
  A death cob (Zot:1)
  A boulder beetle (D:11)
  2 nameless horrors
  A water nymph (Shoals:1)
  A kobold demonologist (D:11)
  A dream sheep (Shoals:1)
  A slime creature (D:7)
  A yak (D:9)
  A wyvern (D:7)
  A vampire mosquito (D:11)
  A large abomination (D:15)
  3 black bears
  3 orc warriors
  An ice beast (D:7)
  2 sky beasts (D:7)
  An ogre (D:6)
  A centaur (D:8)
  2 kobold brigands
  A bullfrog (Lair:1)
  2 scorpions (D:4)
  3 jellies (D:7)
  2 hounds
  A gnoll bouda (D:6)
  3 iguanas
  2 orc wizards
  A killer bee zombie (Gauntlet)
  5 gnolls (D:6)
  3 river rats
  11 adders
  2 shadow imps
  A white imp (D:7)
  2 dart slugs
  12 orcs
  5 bats
  10 endoplasms
  4 giant cockroaches
  12 goblins
  8 hobgoblins
  3 quokkas
  12 ball pythons
  A frilled lizard (D:1)
  20 kobolds
  29 rats
182 creatures vanquished.

Vanquished Creatures (collateral kills)
  Dissolution (Slime:5)
  5 dread liches
  5 ancient liches (Zot:5)
  2 orbs of fire (Zot:5)
  Mara (Depths:1)
  5 Killer Klowns (Zot:5)
  Margery (Vaults:5)
  Saint Roka (Orc:2)
  Bai Suzhen (Shoals:3)
  A golden dragon (Vaults:5)
  Nikola (Spider:4)
  A hellephant (Depths:1)
  22 Orb Guardians (Zot:5)
  7 tentacled monstrosities
  An electric golem (Zot:5)
  3 deep elf blademasters (Elf:3)
  4 quicksilver dragons
  4 liches
  4 titans
  A deep elf master archer (Elf:3)
  14 acid blobs
  A kraken (Shoals:3)
  Polyphemus (Shoals:4)
  2 death cobs
  2 storm dragons
  Kirke (D:14)
  6 shadow dragons
  4 tengu reavers
  3 sphinxes
  A fenstrider witch (shapeshifter) (Vaults:5)
  5 rockslimes
  9 frost giants
  8 fire giants
  3 azure jellies
  A draconian knight (Zot:4)
  10 deep elf sorcerers
  2 iron dragons
  A draconian shifter (Zot:4)
  2 draconian stormcallers (Zot:4)
  7 ghost moths
  4 emperor scorpions
  2 draconian scorchers
  Louise (D:15)
  2 deep elf elementalists (Elf:3)
  3 draconian annihilators
  9 quicksilver oozes
  17 vault wardens
  3 orc warlords
  2 reapers (IceCv)
  A spriggan defender (Depths:2)
  7 ironbound thunderhulks
  A caustic shrike zombie (Depths:3)
  2 war gargoyles (Vaults:5)
  A vampire knight (Depths:2)
  13 stone giants
  19 ironbound preservers
  13 very ugly things
  2 broodmothers
  10 deep elf demonologists
  A quicksilver ooze (shapeshifter) (Elf:3)
  A minotaur (Gauntlet)
  2 green draconians
  A formless jellyfish (Shoals:4)
  4 white draconians
  5 black draconians
  2 red draconians (Zot:4)
  4 spark wasps
  A yellow draconian (Zot:5)
  13 deep elf annihilators
  4 dire elephants
  A purple draconian (Zot:4)
  13 merfolk impalers
  An eidolon (Vaults:1)
  7 deep elf death magi
  12 ettins
  5 merfolk javelineers
  5 fire dragons
  12 yaktaur captains
  6 deep elf high priests
  8 entropy weavers
  7 great orbs of eyes
  30 vault guards
  Fannar (D:12)
  10 ice dragons
  A peacekeeper (Vaults:3)
  5 rakshasas
  A caustic shrike simulacrum (Depths:3)
  7 hydras
  2 ogre magi
  3 jorogumos
  4 spriggan air magi
  5 radroaches
  4 centaur warriors
  3 merfolk avatars
  5 merfolk aquamancers
  9 ironbound frosthearts
  10 dancing weapons
  3 ghost crabs (Lair:3)
  3 catoblepae
  8 hell hogs (Depths:1)
  2 satyrs (Shoals:3)
  3 boulder beetles
  15 death yaks
  7 deep troll shamans
  3 demonic crawlers
  7 two-headed ogres
  12 deep troll earth magi
  6 tengu warriors
  3 spriggan berserkers (Depths:2)
  3 orc high priests (Orc:2)
  12 deep elf knights
  13 hell knights
  3 sun demons
  3 fire crabs (Lair:3)
  A skeletal warrior (D:13)
  A fire crab (shapeshifter) (Vaults:5)
  3 shadow wraiths
  3 skysharks
  8 iron trolls
  5 pharaoh ants
  A sea snake (shapeshifter) (D:15)
  10 sea snakes
  A flayed ghost (Depths:2)
  3 spriggan simulacra (IceCv)
  7 glowing orange brains
  46 deep trolls
  9 orb spiders
  6 wizards
  9 steelbarb worms
  6 deep elf archers
  4 phantasmal warriors
  An obsidian statue (IceCv)
  17 harpies
  20 ironbound convokers
  14 lindwurms
  16 orc knights
  12 necromancers
  18 wolf spiders
  A stone giant zombie (Vaults:1)
  21 deep elf pyromancers
  3 oklob plants
  36 ugly things
  10 shining eyes
  21 deep elf zephyrmancers
  17 fauns
  5 orc sorcerers (Orc:2)
  2 salamanders (shapeshifter) (Vaults:5)
  11 manticores
  A fire giant zombie (Vaults:3)
  A frost giant skeleton (Vaults:3)
  12 cyclopes
  8 moths of wrath
  A guardian serpent (Lair:5)
  An apocalypse crab (Lair:3)
  10 merfolk sirens
  17 elephants
  10 black mambas
  11 water nymphs
  29 vault sentinels
  3 torpor snails
  3 eyes of devastation
  16 cane toads
  An unseen horror (D:12)
  12 freezing wraiths
  4 komodo dragons
  A spark wasp simulacrum (Depths:3)
  6 rime drakes
  16 yaktaurs
  A redback zombie (Spider:4)
  2 kobold demonologists
  A yaktaur skeleton (Vaults:3)
  A golden dragon simulacrum (IceCv)
  3 tengu conjurers
  An efreet (D:15)
  4 ice devils (IceCv)
  A meliai (shapeshifter) (Depths:2)
  A troll (shapeshifter) (D:15)
  4 polar bears
  A hellwing (D:15)
  29 merfolk
  A troll (D:12)
  3 meliai (Spider:3)
  6 snapping turtles
  4 hornets
  7 wind drakes
  24 tarantellas
  A blink frog (shapeshifter) (D:14)
  An ettin zombie (Vaults:1)
  19 blink frogs
  A stone giant simulacrum (Vaults:3)
  13 dream sheep
  79 slime creatures
  2 wraiths
  24 culicivoras
  2 spriggans (Depths:2)
  22 jumping spiders
  5 air elementals
  A shadow (D:11)
  A dire elephant simulacrum (IceCv)
  19 water elementals
  39 yaks
  22 wyverns
  3 hogs (D:14)
  5 large abominations
  A fire bat (shapeshifter) (Vaults:5)
  3 basilisks
  A chaos spawn (Depths:2)
  2 steam dragons
  A fire elemental (Elf:1)
  7 golden eyes (Slime:5)
  10 vampire mosquitoes
  72 redbacks
  A yaktaur simulacrum (Vaults:1)
  5 minotaur simulacra (IceCv)
  2 acid dragons
  6 wargs
  A glowing shapeshifter zombie (Depths:3)
  3 harpy simulacra (IceCv)
  26 water moccasins
  A floating eye (Depths:1)
  30 orc warriors
  An alligator simulacrum (IceCv)
  3 black bears
  An ettin simulacrum (IceCv)
  A boggart (shapeshifter) (Depths:4)
  9 ogres
  23 wolves
  4 centaurs
  3 elf zombies
  A phantom (D:5)
  2 human zombies (Vaults:3)
  15 nameless horrors
  A bullfrog (shapeshifter) (Vaults:5)
  2 kobold brigands
  11 bullfrogs
  2 gnoll sergeants
  2 deep troll simulacra (IceCv)
  A scorpion (shapeshifter) (Vaults:5)
  A scorpion (D:3)
  2 earth elementals (Elf:1)
  9 wights (D:9)
  8 killer bees
  2 electric eels
  A hound (D:7)
  3 jellies
  15 orc priests
  A sleepcap (D:8)
  12 human skeletons (Vaults:3)
  15 orc wizards
  5 hell rats (Lair:2)
  5 gnolls (D:9)
  3 adders
  A white imp (D:7)
  An ufetubus (D:6)
  A worm (D:6)
  50 orcs
  2 ball pythons
  A giant cockroach (D:1)
  5 goblins
  3 hobgoblins
  15 kobolds
  11 rats
  A butterfly (Lair:2)
  2 tentacles (Shoals:3)
1880 creatures vanquished.

Vanquished Creatures (others)
  An Orb Guardian (Zot:5)
  5 spectral tentacled monstrosities
  A Killer Klown zombie (Zot:5)
  A deep elf demonologist (Elf:3)
  2 very ugly thing zombies (Depths:2)
  A deep elf high priest (Elf:3)
  3 quicksilver dragon zombies (Vaults:5)
  A fenstrider witch zombie (Vaults:5)
  A ghost crab (Lair:3)
  9 Orb Guardian zombies (Zot:5)
  A titan zombie (Vaults:5)
  An emperor scorpion zombie (Spider:2)
  A fire crab (Lair:3)
  A ghost moth zombie (Spider:4)
  A wizard (Vaults:4)
  2 shadow dragon zombies (Vaults:5)
  A broodmother zombie (Spider:2)
  A mana viper (shapeshifter) (Vaults:5)
  A sphinx zombie (Vaults:5)
  5 wolf spider zombies
  7 ugly thing zombies
  4 frost giant zombies
  3 hell hog zombies (Depths:1)
  A draconian zombie (Zot:5)
  3 fire giant zombies
  2 stone giant zombies (Vaults:5)
  A yellow draconian zombie (Zot:5)
  An iron troll zombie (Depths:2)
  A cane toad (Lair:5)
  2 spectral rakshasas
  3 steelbarb worm zombies
  A purple draconian zombie (Zot:4)
  9 yaktaur zombies
  4 spriggan zombies
  4 death yak zombies (Lair:5)
  3 white draconian zombies
  An orb spider zombie (Spider:4)
  A sea snake zombie (D:15)
  16 redback zombies
  A mana viper zombie (Vaults:5)
  9 harpy zombies
  3 moth of wrath zombies
  2 hydra zombies
  8 tarantella zombies
  6 ettin zombies
  4 jumping spider zombies
  5 culicivora zombies
  7 merfolk zombies
  A meliai zombie (Depths:2)
  2 fire dragon zombies
  An ice dragon zombie (Depths:2)
  5 black mamba zombies
  6 slime creature zombies
  3 spectral ice devils (IceCv)
  A small abomination (Zot:4)
  An ogre zombie (Vaults:5)
  A water nymph zombie (Shoals:3)
  17 deep troll zombies
  19 elf zombies
  38 human zombies
  3 entropy weaver zombies
  2 cane toad zombies (Lair:5)
  A snapping turtle zombie (Shoals:3)
  A ghost crab zombie (Lair:3)
  2 manticore zombies
  10 blink frog zombies
  2 elephant zombies (Lair:5)
  A lindwurm zombie (Vaults:1)
  3 vampire mosquito zombies
  2 rime drake zombies
  A torpor snail zombie (Spider:2)
  A salamander zombie (Vaults:5)
  A komodo dragon zombie (Lair:5)
  2 fire crab zombies
  A cyclops zombie (D:11)
  8 wyvern zombies
  8 water moccasin zombies
  3 warg zombies
  A killer bee (Gauntlet)
  A polar bear zombie (Lair:3)
  10 yak zombies
  5 tengu zombies
  9 wolf zombies
  3 centaur zombies
  A basilisk zombie (D:11)
  4 bullfrog zombies
  A black bear zombie (Lair:4)
  A boggart zombie (Depths:4)
  A scorpion zombie (Vaults:5)
  4 killer bee zombies
  5 gnoll zombies
  4 goblin zombies (Bailey)
  A hobgoblin zombie (Bailey)
  5 kobold zombies
  49 orc zombies
  4 tentacles (Shoals:3)
408 creatures vanquished.

Grand Total: 2470 creatures vanquished

Notes
Turn   | Place    | Note
-------+----------+-------------------------------------------
     0 | D:1      | EnegeticOcto the Draconian Summoner began the quest for the
                  | Orb.
     0 | D:1      | Reached XP level 1. HP: 14/14 MP: 3/3
    33 | D:1      | Reached skill level 2 in Stealth
   249 | D:1      | Reached XP level 2. HP: 18/20 MP: 1/5
   531 | D:1      | Reached skill level 3 in Stealth
   535 | D:1      | Learned a level 2 spell: Call Imp
  1011 | D:1      | Reached XP level 3. HP: 26/26 MP: 6/6
  1255 | D:2      | Found a broken altar of Ashenzari.
  2103 | D:2      | Found Piqovir's Jewellery Boutique.
  2265 | D:3      | Found a shadowy altar of Dithmenos.
  2268 | D:3      | Reached skill level 5 in Summonings
  2306 | D:3      | Noticed a scorpion
  2317 | D:3      | Killed a scorpion
  2318 | D:3      | Reached XP level 4. HP: 20/33 MP: 4/7
  2522 | D:3      | Reached XP level 5. HP: 38/38 MP: 8/8
  2708 | D:3      | Reached skill level 6 in Summonings
  3050 | D:3      | Learned a level 3 spell: Call Canine Familiar
  3223 | D:4      | Reached skill level 1 in Fighting
  3553 | D:4      | Reached skill level 2 in Fighting
  3553 | D:4      | Reached XP level 6. HP: 48/48 MP: 7/9
  3677 | D:4      | Found a burning altar of Makhleb.
  3677 | D:4      | Noticed a cacodemon
  3895 | D:5      | Entered Level 5 of the Dungeon
  4003 | D:5      | Found an ornate altar of the Wu Jian Council.
  4156 | D:5      | Reached skill level 7 in Summonings
  4352 | D:5      | Reached skill level 3 in Fighting
  4572 | D:5      | Identified the +0 scale mail of Uxzah {Will+++ rCorr Int-2
                  | Stlth+}
  4803 | D:5      | Your scales start taking on a dull iron-grey colour.
  4803 | D:5      | Reached XP level 7. HP: 58/58 MP: 8/10
  4911 | D:6      | Learned a level 3 spell: Summon Guardian Golem
  4980 | D:6      | Reached skill level 4 in Fighting
  5090 | D:6      | Found a glowing drain.
  5096 | D:6      | Reached skill level 3 in Spellcasting
  5103 | Sewer    | Entered a sewer
  5446 | Sewer    | Reached skill level 5 in Fighting
  5894 | D:6      | Reached skill level 4 in Spellcasting
  5998 | D:6      | Found a white marble altar of Elyvilon.
  6004 | D:6      | Reached XP level 8. HP: 68/68 MP: 14/14
  6267 | D:6      | Reached skill level 5 in Spellcasting
  6367 | D:7      | Found a glowing silver altar of Zin.
  6380 | D:7      | Reached skill level 2 in Dodging
  6380 | D:7      | Reached skill level 1 in Evocations
  6519 | D:7      | Reached skill level 2 in Evocations
  6618 | D:7      | Reached skill level 3 in Dodging
  6621 | D:7      | Learned a level 2 spell: Blink
  6626 | D:7      | Learned a level 4 spell: Summon Lightning Spire
  6727 | D:7      | Reached skill level 3 in Evocations
  6727 | D:7      | Noticed a slime creature
  6728 | D:7      | Noticed a slime creature
  6728 | D:7      | Noticed a slime creature
  6746 | D:7      | Killed a slime creature
  6975 | D:7      | Reached skill level 4 in Dodging
  7121 | D:7      | Reached skill level 4 in Evocations
  7252 | D:7      | Killed a slime creature
  7253 | D:7      | Reached skill level 8 in Summonings
  7323 | D:7      | Reached XP level 9. HP: 74/74 MP: 16/16
  7529 | D:7      | Found a staircase to the Ecumenical Temple.
  7595 | D:7      | Reached skill level 6 in Fighting
  7604 | Temple   | Entered the Ecumenical Temple
  7702 | Temple   | Became a worshipper of Yredelemnul the Dark
  7905 | D:7      | Reached * piety under Yredelemnul
  8064 | D:7      | Reached ** piety under Yredelemnul
  8068 | D:7      | Reached skill level 9 in Summonings
  8367 | D:8      | Found a flagged portal.
  8375 | Bailey   | Entered a bailey
  8488 | Bailey   | Reached skill level 7 in Fighting
  8947 | D:8      | Found a hide-covered altar of Uskayaw.
  9262 | D:8      | Reached skill level 8 in Fighting
  9268 | D:8      | Found a broken altar of Ashenzari.
  9269 | D:8      | Noticed a two-headed ogre
  9279 | D:8      | Killed a two-headed ogre
  9280 | D:8      | Reached skill level 10 in Summonings
  9280 | D:8      | Reached XP level 10. HP: 90/90 MP: 17/17
 10054 | D:9      | Reached skill level 1 in Shields
 10167 | D:9      | Reached skill level 9 in Fighting
 10347 | D:9      | Reached skill level 2 in Shields
 10523 | D:9      | Reached skill level 3 in Shields
 10588 | D:9      | Reached *** piety under Yredelemnul
 10599 | D:9      | Reached skill level 11 in Summonings
 10768 | D:9      | Reached skill level 10 in Fighting
 10883 | D:9      | Found Bimyvagg's Book Shop.
 10888 | D:9      | Bought a book of Beasts for 608 gold pieces
 11084 | D:2      | Bought an amulet of magic regeneration for 390 gold pieces
 11095 | D:2      | Learned a level 5 spell: Summon Mana Viper
 11309 | D:10     | Entered Level 10 of the Dungeon
 11462 | D:10     | Noticed a two-headed ogre
 11474 | D:10     | Killed a two-headed ogre
 11475 | D:10     | Reached skill level 2 in Hexes
 11582 | D:10     | Reached skill level 3 in Hexes
 11587 | D:10     | Reached XP level 11. HP: 96/99 MP: 15/18
 11615 | D:10     | Found a blossoming altar of Fedhas.
 11829 | D:10     | Found a portal to a secret trove of treasure.
 12055 | D:10     | Found a runed translucent door.
 12082 | D:10     | Noticed a sphinx
 12373 | D:11     | Identified the ring "Xunocwiwk" {rElec rC+ rCorr Dex-4}
 12421 | D:11     | Reached skill level 4 in Hexes
 12436 | D:11     | Reached skill level 12 in Summonings
 12516 | D:11     | Noticed a boulder beetle
 12584 | D:11     | Noticed a boulder beetle
 12617 | D:11     | Killed a boulder beetle
 12618 | D:11     | Reached skill level 13 in Summonings
 12947 | D:11     | Reached skill level 14 in Summonings
 13070 | D:11     | Found a staircase to the Lair.
 13214 | D:11     | Killed a boulder beetle
 13271 | Lair:1   | Entered Level 1 of the Lair of Beasts
 13558 | Lair:1   | Reached XP level 12. HP: 106/106 MP: 9/20
 13572 | Lair:1   | Reached skill level 6 in Spellcasting
 13655 | Lair:1   | Reached **** piety under Yredelemnul
 13705 | Lair:1   | Reached ***** piety under Yredelemnul
 14020 | Lair:2   | Reached skill level 15 in Summonings
 14347 | Lair:2   | Reached skill level 7 in Spellcasting
 14569 | Lair:2   | Found a hole to the Spider Nest.
 14660 | Lair:2   | Found a staircase to the Shoals.
 14678 | Lair:2   | You are sucked into a shaft and drop 1 floor!
 14751 | Lair:3   | Found a gate leading to a gauntlet.
 14761 | Gauntlet | Entered a Gauntlet
 14761 | Gauntlet | Found a transporter.
 14761 | Gauntlet | Found a runed translucent door.
 14761 | Gauntlet | Found a transporter.
 14769 | Gauntlet | Found a runed translucent door.
 14779 | Gauntlet | Found a transporter.
 14783 | Gauntlet | Found a transporter.
 14792 | Gauntlet | Found a transporter.
 14795 | Gauntlet | Found a transporter.
 14798 | Gauntlet | Noticed a dire elephant
 14803 | Gauntlet | Found a transporter.
 14820 | Gauntlet | Found a transporter.
 14834 | Gauntlet | Found a transporter.
 14838 | Gauntlet | Found a transporter.
 14846 | Gauntlet | Found a transporter.
 14850 | Gauntlet | Found a transporter.
 15276 | Gauntlet | Identified the +1 hat "Geobru Xasett" {Will- Str+7}
 15595 | Gauntlet | Noticed a minotaur
 15620 | Gauntlet | Killed a minotaur
 15621 | Gauntlet | Reached skill level 16 in Summonings
 15768 | Gauntlet | Identified the +1 cloak "Baelof" {Rampage Str+3}
 15796 | Lair:3   | Learned a level 7 spell: Monstrous Menagerie
 15911 | Lair:3   | Noticed a five-headed hydra
 15919 | Lair:3   | Killed a five-headed hydra
 16102 | Lair:3   | Found a runed translucent door.
 16772 | Lair:3   | Noticed an entropy weaver
 16772 | Lair:3   | Noticed an entropy weaver
 16772 | Lair:3   | Noticed a ghost crab
 16777 | Lair:3   | Killed an entropy weaver
 16782 | Lair:3   | Noticed an entropy weaver
 16783 | Lair:3   | Killed an entropy weaver
 16784 | Lair:3   | Reached skill level 17 in Summonings
 16785 | Lair:3   | Killed a ghost crab
 16787 | Lair:3   | Reached XP level 13. HP: 113/113 MP: 9/23
 16931 | Lair:3   | Found the +3 crown of Dyrovepreva {rElec Int+2 SInv}
 17581 | Lair:3   | Reached skill level 18 in Summonings
 17953 | Lair:4   | Reached skill level 19 in Summonings
 18144 | Lair:4   | Reached ****** piety under Yredelemnul
 18645 | Lair:5   | Entered Level 5 of the Lair of Beasts
 18674 | Lair:5   | Reached XP level 14. HP: 88/121 MP: 8/24
 18678 | Lair:4   | Reached skill level 20 in Summonings
 19318 | Lair:5   | Reached skill level 21 in Summonings
 19973 | Lair:5   | Found a viscous altar of Jiyva.
 20062 | Lair:5   | Reached skill level 22 in Summonings
 21376 | Lair:5   | Found a viscous altar of Jiyva.
 21549 | D:12     | Noticed Fannar
 21563 | D:12     | Killed Fannar
 21648 | D:12     | Your ally Fannar died
 21814 | D:12     | Identified the +2 dagger of Weitzoh {spect, *Slow rN+ SInv}
 21814 | D:12     | You are sucked into a shaft and drop 2 floors!
 22120 | D:12     | Found Divuno's Book Shoppe.
 22128 | D:12     | Found Feaseum's Armour Boutique.
 22165 | D:12     | Reached XP level 15. HP: 126/126 MP: 19/25
 22181 | D:12     | Found a staircase to the Orcish Mines.
 22183 | D:12     | Found Muikkifo's Weapon Boutique.
 22367 | Orc:1    | Entered Level 1 of the Orcish Mines
 22637 | Orc:1    | You are sucked into a shaft and drop 1 floor!
 22637 | Orc:2    | Entered Level 2 of the Orcish Mines
 22654 | Orc:2    | Reached skill level 8 in Spellcasting
 22671 | Orc:2    | Noticed Saint Roka
 22684 | Orc:2    | Killed Saint Roka
 22878 | Orc:2    | Reached skill level 9 in Spellcasting
 23032 | Orc:2    | Learned a level 9 spell: Dragon's Call
 23178 | Orc:2    | Found a staircase to the Elven Halls.
 23457 | Orc:2    | Found Kinik's Antique Weapon Shoppe.
 23457 | Orc:2    | Found Guim's Antique Armour Shoppe.
 23458 | Orc:2    | Found Piuhos's Antique Armour Boutique.
 23458 | Orc:2    | Found Udiprir's Jewellery Boutique.
 23488 | Orc:2    | Bought a smoking cloak for 313 gold pieces
 23488 | Orc:2    | Identified the +1 cloak "Xodeg" {rC+} (You bought it in a
                  | shop on level 2 of the Orcish Mines)
 23507 | Orc:2    | Bought the ring of the Monkey {rElec rF+ rCorr MP+9 Dex-2}
                  | for 424 gold pieces
 23510 | Orc:2    | Bought a pair of embroidered gloves for 202 gold pieces
 24123 | D:13     | Identified the amulet "Obaen" {Reflect Dex+6 SH+5}
 24153 | D:13     | Reached skill level 10 in Spellcasting
 25002 | D:14     | Found a gate to the Vaults.
 25254 | D:14     | Noticed Kirke
 25265 | D:14     | Killed Kirke
 25709 | D:15     | Entered Level 15 of the Dungeon
 25797 | D:15     | Reached skill level 23 in Summonings
 25804 | D:15     | Reached skill level 11 in Spellcasting
 26053 | D:15     | Found a staircase to the Depths.
 26138 | D:15     | Reached XP level 16. HP: 134/134 MP: 18/31
 26198 | D:15     | Found a stormy altar of Qazlal.
 26325 | D:15     | Noticed Louise
 26337 | D:15     | Killed Louise
 26848 | Lair:2   | Found a sacrificial altar of Ru.
 26859 | Shoals:1 | Entered Level 1 of the Shoals
 27485 | Spider:1 | Entered Level 1 of the Spider Nest
 27517 | Spider:1 | Reached skill level 24 in Summonings
 28187 | Spider:2 | Found a frozen archway.
 28198 | IceCv    | Entered an ice cave
 28829 | Spider:2 | Reached skill level 25 in Summonings
 29520 | Spider:2 | Reached skill level 4 in Shields
 29594 | Spider:2 | Reached skill level 5 in Evocations
 30200 | Spider:3 | Reached skill level 5 in Dodging
 30204 | Spider:3 | Reached XP level 17. HP: 140/140 MP: 17/32
 30310 | Spider:3 | Reached skill level 5 in Shields
 30844 | Spider:4 | Entered Level 4 of the Spider Nest
 30851 | Spider:4 | Reached skill level 6 in Evocations
 30930 | Spider:4 | Reached skill level 6 in Dodging
 31225 | Spider:4 | Reached skill level 12 in Spellcasting
 31300 | Spider:4 | Reached skill level 7 in Dodging
 31426 | Spider:4 | Noticed Nikola
 31450 | Spider:4 | Reached skill level 13 in Spellcasting
 31454 | Spider:4 | Killed Nikola
 31558 | Spider:4 | Got a gossamer rune of Zot
 31884 | Spider:4 | Learned a level 2 spell: Passwall
 32855 | Shoals:2 | Reached skill level 11 in Fighting
 32860 | Shoals:2 | Reached skill level 14 in Spellcasting
 32891 | Shoals:2 | Reached XP level 18. HP: 151/151 MP: 22/36
 33428 | Shoals:3 | Reached skill level 12 in Fighting
 33441 | Shoals:3 | Noticed Bai Suzhen
 33463 | Shoals:3 | Killed Bai Suzhen
 33693 | Shoals:3 | Reached skill level 13 in Fighting
 34190 | Shoals:4 | Entered Level 4 of the Shoals
 34209 | Shoals:3 | Reached skill level 14 in Fighting
 35187 | Shoals:4 | Reached skill level 15 in Fighting
 35668 | Shoals:4 | Noticed Polyphemus
 35676 | Shoals:4 | Killed Polyphemus
 35739 | Shoals:4 | Reached skill level 6 in Shields
 36255 | Shoals:4 | Got a barnacled rune of Zot
 36552 | Elf:1    | Entered Level 1 of the Elven Halls
 36610 | Elf:1    | Found Qaiwk's Jewellery Shoppe.
 36790 | Elf:1    | Reached skill level 8 in Dodging
 37099 | Elf:1    | Got the Lessons on Shadows
 37463 | Elf:1    | Paralysed by an air elemental for 1 turns
 37633 | Elf:2    | Paralysed by an air elemental for 1 turns
 37719 | Elf:2    | Reached XP level 19. HP: 150/170 MP: 22/37
 37720 | Elf:2    | Reached skill level 7 in Shields
 38466 | Elf:2    | Found a runed translucent gate.
 38466 | Elf:2    | Found a runed translucent gate.
 38467 | Elf:2    | Found a runed translucent gate.
 38690 | Elf:3    | Entered Level 3 of the Elven Halls
 38692 | Elf:3    | Paralysed by an air elemental for 1 turns
 39151 | Elf:3    | Found Muanyl's Weapon Shop.
 39172 | Elf:3    | Reached skill level 9 in Dodging
 39348 | Elf:3    | Reached skill level 8 in Shields
 40184 | Elf:3    | Identified the +7 triple sword "Woom" {distort, rC+}
 40184 | Elf:3    | Identified the amulet "Achuafuf" {Faith rN++ Stlth-}
 40192 | Elf:3    | Reached skill level 9 in Shields
 40207 | Elf:3    | Reached skill level 10 in Dodging
 40208 | Elf:3    | Identified the +4 falchion "Worm's Wrath" {drain, Str+6
                  | Dex-2 SInv Stlth+}
 40454 | Elf:3    | Identified the ring "Pughit" {rN+ Will+}
 40485 | Elf:3    | Identified the +4 swamp dragon scales of Gaamad {rPois rF-
                  | Will+++ Str-2 Slay+6}
 40636 | Elf:3    | Reached skill level 26 in Summonings
 40820 | Elf:3    | Reached skill level 10 in Shields
 41004 | Elf:3    | Got the Anthology of the Pill Bug
 41012 | Elf:3    | Identified the +5 orcbow "Rudaheus" {flame, rPois rF- rC++
                  | rCorr Str-5}
 41045 | Elf:3    | Got the Enchiridion on the Blazing Map
 41457 | Vaults:1 | Entered Level 1 of the Vaults
 41990 | Vaults:1 | Reached XP level 20. HP: 162/178 MP: 23/38
 42134 | Vaults:1 | Noticed a dread lich
 42144 | Vaults:1 | Killed a dread lich
 42145 | Vaults:1 | Reached skill level 11 in Shields
 42406 | Vaults:1 | Identified the +1 chain mail of Insecurity {rC+}
 42918 | Vaults:1 | Identified the +1 pair of gloves of Patience {-Cast Dex+3
                  | Slay+3 SInv}
 42928 | Vaults:1 | Identified the amulet of Begic {Spirit Will+ Dex-4 SInv}
 42941 | Vaults:1 | Identified the +4 shortbow of Nixoched {flame, rN+++ Will-
                  | Str+6 Int+2}
 43239 | Vaults:1 | Reached skill level 12 in Shields
 43435 | Vaults:2 | Identified the +4 dagger of the Scorching Salmon {freeze,
                  | Fragile Dex+5}
 43847 | Vaults:2 | Reached skill level 27 in Summonings
 43899 | Vaults:2 | Found a staircase to the Crypt.
 43899 | Vaults:2 | Found an ancient bone altar of Kikubaaqudgha.
 43899 | Vaults:2 | Found a basalt altar of Yredelemnul.
 44187 | Vaults:2 | Found Rocwotz's Jewellery Emporium.
 46335 | Vaults:3 | Found Wiqyewoh's Assorted Antiques.
 46437 | Vaults:3 | Reached skill level 11 in Dodging
 46699 | Vaults:3 | Reached skill level 13 in Shields
 46883 | Vaults:3 | Reached XP level 21. HP: 184/184 MP: 24/39
 47684 | Vaults:4 | Reached skill level 15 in Spellcasting
 47816 | Vaults:4 | Identified the +6 scale mail of Distant Shores {rF+ Str+2}
 47861 | Vaults:4 | Found Folesuce's Weapon Boutique.
 47978 | Vaults:4 | Found Oruzxeiss's Armour Boutique.
 48791 | Depths:1 | Entered Level 1 of the Depths
 48797 | Depths:1 | Found Coamuig's Jewellery Boutique.
 48797 | Depths:1 | Found Izadoumuunk's Book Emporium.
 48798 | Depths:1 | Found Tucaf's Jewellery Boutique.
 48832 | Depths:1 | Reached skill level 12 in Dodging
 48863 | Depths:1 | Found Wyheinoe's Overcharged Wands.
 48897 | Depths:1 | Reached skill level 14 in Shields
 48936 | Depths:1 | Found a flickering gateway to a bazaar.
 48945 | Bazaar   | Entered a bazaar
 48945 | Bazaar   | Found Caher's Antique Armour Shop.
 49063 | Bazaar   | Found Nowutzeveu's Distillery.
 49067 | Bazaar   | Found Fouxef's Armour Boutique.
 49070 | Bazaar   | Bought a potion of haste for 70 gold pieces
 49070 | Bazaar   | Bought a potion of magic for 56 gold pieces
 49070 | Bazaar   | Bought a potion of cancellation for 56 gold pieces
 49072 | Bazaar   | Bought 2 potions of curing for 42 gold pieces
 49076 | Bazaar   | Found Wuhoar's General Store.
 49085 | Bazaar   | Bought a scroll of blinking for 90 gold pieces
 49085 | Bazaar   | Bought a wand of iceblast (4) for 115 gold pieces
 49267 | Depths:1 | Found a one-way gateway to a ziggurat.
 49328 | Depths:1 | Found a gateway to Hell.
 49716 | Depths:1 | Noticed Mara
 49726 | Depths:1 | Killed Mara
 49751 | Depths:1 | Found a one-way gate to the infinite horrors of the Abyss.
 49930 | Depths:1 | Found a sacrificial altar of Ru.
 50407 | Depths:2 | Found a one-way gate leading to the halls of Pandemonium.
 50792 | Depths:2 | Reached skill level 16 in Spellcasting
 50830 | Depths:2 | Reached skill level 13 in Dodging
 50845 | Depths:2 | Reached XP level 22. HP: 162/192 MP: 35/42
 50847 | Depths:2 | Reached skill level 15 in Shields
 51450 | Depths:3 | Found a transporter.
 51652 | D:12     | Bought a book of Alchemy for 420 gold pieces
 51658 | D:12     | Learned a level 5 spell: Irradiate
 51843 | Depths:3 | Reached skill level 1 in Transmutations
 51848 | Depths:3 | Reached skill level 1 in Conjurations
 51848 | Depths:3 | Reached skill level 1 in Translocations
 51923 | Depths:3 | Identified the +9 hand axe of the Transmuting Gods {flame,
                  | rN+}
 51939 | Depths:3 | Reached skill level 2 in Conjurations
 51939 | Depths:3 | Reached skill level 2 in Translocations
 51939 | Depths:3 | Reached skill level 2 in Transmutations
 52127 | D:10     | You paid a toll of a +4 demon blade to enter a treasure
                  | trove
 52128 | Trove    | Entered a treasure trove
 52685 | Depths:3 | Found a transporter.
 52953 | Depths:3 | Reached skill level 1 in Polearms
 53651 | Depths:4 | Entered Level 4 of the Depths
 53963 | Depths:4 | Reached skill level 3 in Translocations
 53979 | Depths:4 | Reached skill level 2 in Polearms
 54374 | Depths:4 | Found a shimmering altar of Xom.
 54374 | Depths:4 | Found a hazy altar of Hepliaklqana.
 54375 | Depths:4 | Found a white marble altar of Elyvilon.
 54474 | Depths:4 | Reached skill level 17 in Spellcasting
 54483 | Depths:4 | Reached skill level 3 in Polearms
 54485 | Depths:4 | Found a gate to the Realm of Zot.
 55295 | Lair:5   | Found a staircase to the Slime Pits.
 55360 | Slime:1  | Entered Level 1 of the Pits of Slime
 55394 | Slime:1  | Reached skill level 16 in Fighting
 55394 | Slime:1  | Reached skill level 4 in Polearms
 55432 | Slime:1  | You are sucked into a shaft and drop 1 floor!
 55853 | Slime:2  | Reached skill level 5 in Polearms
 57200 | Slime:5  | Entered Level 5 of the Pits of Slime
 57213 | Slime:5  | Reached skill level 6 in Polearms
 57216 | Slime:5  | Noticed Dissolution
 57225 | Slime:5  | Killed Dissolution
 57468 | Slime:5  | Noticed the Royal Jelly
 57472 | Slime:5  | Reached skill level 17 in Fighting
 57472 | Slime:5  | Reached skill level 7 in Polearms
 58135 | Slime:5  | Reached XP level 23. HP: 105/205 MP: 24/44
 58759 | Vaults:5 | Entered Level 5 of the Vaults
 58781 | Vaults:5 | Noticed Margery
 58789 | Vaults:5 | Killed Margery
 58796 | Vaults:5 | Reached skill level 8 in Polearms
 59245 | Vaults:5 | Reached skill level 9 in Polearms
 59249 | Vaults:5 | Reached skill level 18 in Fighting
 59330 | Vaults:5 | Reached skill level 10 in Polearms
 59556 | Vaults:5 | Identified the amulet of Zaobiz {Faith Rampage rPois rF+}
 59561 | Vaults:5 | Reached skill level 11 in Polearms
 59705 | Vaults:5 | Identified the amulet "Neompu Siut" {Spirit rF- Regen+
                  | Str-3 Stlth+}
 59728 | Vaults:5 | Reached skill level 12 in Polearms
 59923 | Vaults:5 | Found the amulet of the Air {Inacc Air Fly rElec RMsl}
 60164 | Vaults:5 | Reached skill level 13 in Polearms
 60230 | Vaults:5 | Noticed a dread lich
 60251 | Vaults:5 | Identified the +10 plate armour of Umaucwo {Contam Rampage
                  | rN+++ Will-}
 60261 | Vaults:5 | Killed a dread lich
 60263 | Vaults:5 | Reached skill level 14 in Polearms
 60739 | Vaults:5 | Identified the +4 chain mail of the Alphagorgon {rCorr}
 60785 | Vaults:5 | Found Masi's Weapon Shoppe.
 60873 | Vaults:5 | Found Oshatae's Assorted Antiques.
 61148 | Vaults:5 | Identified the +8 lajatang of the Ninety-Nine Realms
                  | {venom, Fragile rPois rF+ Will++}
 61170 | Vaults:5 | Got a silver rune of Zot
 61192 | Vaults:5 | Identified the +1 pair of gloves "Wemukk" {Harm Will+
                  | Dex+3}
 61967 | Depths:1 | Bought a wand of charming (18) for 648 gold pieces
 61967 | Depths:1 | Bought a wand of digging (11) for 693 gold pieces
 61967 | Depths:1 | Bought a wand of iceblast (18) for 648 gold pieces
 61967 | Depths:1 | Bought a wand of light (18) for 1134 gold pieces
 62148 | Zot:1    | Entered Level 1 of the Realm of Zot
 62168 | Zot:1    | Reached skill level 3 in Conjurations
 62168 | Zot:1    | Reached skill level 3 in Transmutations
 63324 | Zot:4    | Reached XP level 24. HP: 201/217 MP: 37/44
 63346 | Zot:4    | Reached skill level 4 in Conjurations
 63346 | Zot:4    | Reached skill level 4 in Transmutations
 63886 | Zot:5    | Entered Level 5 of the Realm of Zot
 63890 | Zot:5    | Noticed a Killer Klown
 63902 | Zot:5    | Killed a Killer Klown
 63905 | Zot:5    | Found the +8 trishula "Condemnation" {holy, anguish, *Noise
                  | Fly rN+}
 64315 | Zot:5    | Reached skill level 5 in Conjurations
 64316 | Zot:5    | Reached skill level 5 in Transmutations
 64353 | Zot:5    | Noticed a dread lich
 64359 | Zot:5    | Killed a dread lich
 66006 | Zot:5    | Noticed a Killer Klown
 66012 | Zot:5    | Noticed an orb of fire
 66017 | Zot:5    | Noticed a Killer Klown
 66018 | Zot:5    | Noticed an orb of fire
 66022 | Zot:5    | Killed an orb of fire
 66023 | Zot:5    | Reached skill level 6 in Conjurations
 66023 | Zot:5    | Reached skill level 6 in Transmutations
 66026 | Zot:5    | Noticed an ancient lich
 66027 | Zot:5    | Killed a Killer Klown
 66027 | Zot:5    | Killed an orb of fire
 66028 | Zot:5    | Reached skill level 19 in Fighting
 66029 | Zot:5    | Killed an ancient lich
 66030 | Zot:5    | Noticed an ancient lich
 66031 | Zot:5    | Killed a Killer Klown
 66033 | Zot:5    | Noticed a dread lich
 66034 | Zot:5    | Noticed an ancient lich
 66035 | Zot:5    | Killed an ancient lich
 66036 | Zot:5    | Noticed a Killer Klown
 66036 | Zot:5    | Noticed a Killer Klown
 66038 | Zot:5    | Killed a dread lich
 66039 | Zot:5    | Reached skill level 7 in Conjurations
 66039 | Zot:5    | Reached skill level 7 in Transmutations
 66041 | Zot:5    | Killed an ancient lich
 66042 | Zot:5    | Killed a Killer Klown
 66042 | Zot:5    | Noticed a dread lich
 66045 | Zot:5    | Killed a Killer Klown
 66047 | Zot:5    | Killed a dread lich
 66051 | Zot:5    | Noticed an ancient lich
 66059 | Zot:5    | Killed an ancient lich
 66336 | Zot:5    | Noticed an ancient lich
 66347 | Zot:5    | Reached skill level 8 in Conjurations
 66347 | Zot:5    | Killed an ancient lich
 66348 | Zot:5    | Reached skill level 8 in Transmutations
 66586 | Zot:5    | Got the Orb of Zot
 66678 | Zot:4    | Noticed Mefeopt the pandemonium lord
 66909 | D:14     | Noticed a seraph
 67154 | D:$      | Escaped with the Orb!

Illustrated notes

Levels and vault maps discovered:
D:1:      elethiomel_arrival_diamonds, layout_basic, serial_forest,
          infiniplex_forest_clump_curved, infiniplex_forest_fountain,
          infiniplex_forest_lined_3_way, infiniplex_forest_corner_2,
          infiniplex_forest_clump_long, infiniplex_forest_straight_3,
          infiniplex_forest_lined_room_3
D:2:      layout_basic, serial_shops, nicolae_shop_behind_doors, basic_altar
D:3:      layout_basic, lemuel_crystal_altar
D:4:      layout_basic, makhleb_altar_promises_db, minmay_misc_feat_iff
D:5:      layout_loops_corners, nicolae_wu_jian_wuxing_cycle, minivault_1
D:6:      layout_loops_ring, nicolae_elyvilon_peaceful_grove,
          lightli_sewer_entry_pipes
D:7:      cheibrodos_fertilizer, layout_basic, lemuel_crystal_altar,
          minmay_temple_entry_arrows, dk_noncrumbling_4, minmay_puff
D:8:      layout_basic, nicolae_uskayaw_dance_hall, cheibrodos_ashenzari_chains,
          enter_bailey_3
D:9:      layout_basic, serial_shops, kennysheep_little_box
D:10:     layout_roguey, nicolae_overflow_crystal_walls, enter_trove_3,
          minivault_13
D:11:     minmay_inner_zag, layout_rooms, minmay_lair_entry_grove
D:12:     layout_rooms, orc_david_3, serial_shops, shop, uniq_fannar
D:13:     layout_grid_maze, minmay_diced_spiral
D:14:     layout_cross, erik_vaults_1, grunt_decor_fettered, uniq_kirke
D:15:     gammafunk_enter_depths_forms, layout_basic,
          nicolae_qazlal_scattered_showers, uniq_louise
Temple:   compressed_dpeg_circular_temple
Lair:1:   layout_hall_layers
Lair:2:   layout_concentric_octagons, elwin_shoals_entry_rocks,
          spider_nest_entry_rubble, basic_altar, wad_woods_road_03,
          lemuel_fruit_fields
Lair:3:   gammafunk_mikee_crab_dinner, layout_gridlike, gauntlet_entry_generic,
          minivault_19, grunt_forest_stairs_basic, serial_bayou_pond_d,
          grunt_megastairs_1
Lair:4:   layout_hall_layers, grunt_megastairs_2
Lair:5:   hangedman_lair_tendril_chambers, layout_cave_pods,
          minmay_slime_entry_oklob_enclosed
Shoals:1: nicolae_shoals_island_circles, layout_shoals
Shoals:2: layout_shoals, nicolae_shoals_sun_and_surf
Shoals:3: layout_shoals, uniq_bai_suzhen
Shoals:4: shoals_end_hangedman, layout_shoals, uniq_polyphemus
Spider:1: layout_cave_pods
Spider:2: nicolae_spider_hilbert_zone_1 [nicolae_spider_hilbert_4_sides_1_open,
          nicolae_spider_hilbert_4_sides_1_open,
          nicolae_spider_hilbert_4_sides_1_open,
          nicolae_spider_hilbert_4_sides_1_open,
          nicolae_spider_hilbert_3_sides_1_open,
          nicolae_spider_hilbert_3_sides_1_open,
          nicolae_spider_hilbert_3_sides_1_open,
          nicolae_spider_hilbert_3_sides_1_open,
          nicolae_spider_hilbert_3_sides_1_open,
          nicolae_spider_hilbert_6_sides_1_open,
          nicolae_spider_hilbert_6_sides_1_open,
          nicolae_spider_hilbert_3_sides_1_open,
          nicolae_spider_hilbert_3_sides_1_open,
          nicolae_spider_hilbert_3_sides_1_open,
          nicolae_spider_hilbert_3_sides_1_open,
          nicolae_spider_hilbert_2_sides_1_open],
          portal_ice_cave_entry_pillars_four
Spider:3: layout_spider_delve
Spider:4: grunt_spider_rune_parallel, uniq_nikola
Slime:1:  layout_caves, basic_altar
Slime:2:  layout_caves, nicolae_slime_phagocytosis
Slime:3:  layout_caves
Slime:4:  layout_caves
Slime:5:  uniq_dissolution
Orc:1:    layout_caves
Orc:2:    st_orc_elflike, layout_caves, uniq_saint_roka
Elf:1:    layout_loops_corners, serial_shops, nicolae_shop_gibbet_a_chance,
          minmay_elf_necromancy, statue_in_the_mist_lemuel
Elf:2:    elven_hall_of_blades_hangedman_original
          [nicolae_blade_entry_sentries_behind_glass], layout_geoelf_grid
Elf:3:    nooodl_elf_gasket, layout_geoelf_diagonals, serial_shops,
          nicolae_shop_scrapyard
Vaults:1: vaults_room_pool, hangedman_vaults_river_flow,
          nicolae_vaults_little_squares_6, nicolae_vaults_more_shelving_2,
          nicolae_vaults_you_can_take_it_with_you, nicolae_vaults_turnstiles,
          nicolae_vaults_apartment_2, nicolae_vaults_border_crossing,
          layout_vaults_omnigrid
Vaults:2: nicolae_vaults_tetromino_Z_1, nicolae_vaults_little_squares_3,
          nicolae_vaults_shipping_containers_3,
          nicolae_vaults_closet_pinwheel_3, minmay_crypt_entry_necro_gods,
          nicolae_vaults_house_2, hangedman_vaults_maws,
          nicolae_vaults_tetromino_T_1, v_misc_16, nicolae_vaults_prndl,
          nicolae_vaults_windows_and_doors_thing, hangedman_vaults_trim,
          nicolae_vaults_apartment_2, nicolae_vaults_six-pack,
          layout_vaults_omnibox, serial_shops, nicolae_shop_back_alley_shop
Vaults:3: nicolae_vaults_offset_grid_hallway_3, dpeg_vaults_monster_row,
          nicolae_vaults_little_squares_6, v_misc_2, nicolae_vaults_wrenched,
          nicolae_vaults_tetromino_Z_1, nicolae_vaults_storage_closets_2,
          hangedman_vaults_snaps, nicolae_vaults_storage_closets_3,
          nicolae_vaults_antechamber_and_loot_room, vaults_dpeg_ring,
          layout_vaults_omnicross, serial_shops, nicolae_shop_behind_doors
Vaults:4: nicolae_vaults_little_squares_6, hangedman_vaults_stretched_pinwheel,
          nicolae_vaults_little_squares_6, nicolae_vaults_closet_pinwheel_4,
          nicolae_vaults_asterisk, hangedman_vaults_restitches,
          nicolae_vaults_closet_pinwheel_5, nicolae_vaults_diamond_2,
          nicolae_vaults_ring_of_whatevers,
          nicolae_vaults_offset_grid_hallway_4,
          nicolae_vaults_security_offices_5,
          nicolae_vaults_taking_the_gang_shopping, nicolae_vaults_tetromino_L_2,
          layout_vaults_chaotic_city, serial_shops, nicolae_shop_hallway_plus
Vaults:5: serial_shops, uniq_margery
Depths:1: layout_basic, enter_ziggurat_f, grunt_hell_horde,
          nicolae_abyss_entry_one_way_or_another, serial_shops, bzr_firewalk,
          nicolae_ru_sacrificial_ziggurat, nicolae_shop_overcharged_wands,
          serial_bayou_shore_a, minmay_shop_grove, uniq_mara
Depths:2: minmay_box_of_statues, layout_gridlike, serial_sigils,
          serial_sigils_hangedman_scar, serial_sigils_hangedman_gut,
          serial_sigils_hangedman_shear, serial_sigils_hangedman_gnaw,
          serial_sigils_hangedman_shear, pan_entry, grunt_hell_entry_dis_mu
Depths:3: gammafunk_its_a_trap, layout_basic, nicolae_hepliaklqana_hippocampus,
          pf_coc_iceberg, abyss_entry
Depths:4: hangedman_slaughterboxes, hell_entry
Zot:1:    layout_basic, ebering_ghost_disaster_area
Zot:2:    layout_concentric_octagons
Zot:3:    layout_gridlike
Zot:4:    grunt_twist_and_shout, layout_onion_interference, uniq_tiamat
Zot:5:    layout_cathedral_of_symmetry

Skill      XL: |  1  2  3  4  5  6  7  8  9 10 11 12 13 14 15 16 17 18 19 20 21 22 23 24 |
---------------+-------------------------------------------------------------------------+-----
Stealth        | 2 3 |  3.0
Summonings     | 5 6 7 8 10 11 14 17 19 22 23 25 26 27 | 27.0
Fighting       | 2 3 5 8 10 11 15 17 18 19 | 19.8
Spellcasting   | 4 5 7 11 14 16 17 | 17.0
Dodging        | 4 5 7 8 10 11 13 | 13.0
Evocations     | 4 5 6 |  6.0
Shields        | 3 4 5 6 10 13 14 15 | 15.0
Hexes          | 3 4 |  4.0
Transmutations | 2 3 8 |  8.6
Conjurations   | 2 3 8 |  8.6
Translocations | 3 |  3.0
Polearms       | 7 14 | 14.0

Action                     |  1- 3 |  4- 6 |  7- 9 | 10-12 | 13-15 | 16-18 | 19-21 | 22-24 || total
---------------------------+-------+-------+-------+-------+-------+-------+-------+-------++-------
  Melee: Unarmed           |     9 |       |       |       |       |       |       |       ||     9
         Sling             |       |     1 |       |       |       |       |       |       ||     1
         Staff             |       |       |       |       |    27 |    16 |    21 |    11 ||    75
         Tailslap          |       |       |       |       |     7 |     5 |     5 |     5 ||    22
         Demon trident     |       |       |       |       |       |       |       |    11 ||    11
   Fire: Sling             |    74 |   110 |   389 |    79 |       |       |       |       ||   652
  Throw: Dart              |       |       |       |     5 |       |       |       |       ||     5
         Throwing net      |       |       |       |       |       |       |       |     2 ||     2
   Cast: Summon Small Mamm |    18 |     2 |       |       |       |       |       |       ||    20
         Call Imp          |     6 |     9 |    28 |    22 |       |       |       |       ||    65
         Call Canine Famil |       |     2 |    27 |    51 |     7 |       |       |       ||    87
         Summon Lightning  |       |       |       |    27 |     5 |       |       |       ||    32
         Summon Mana Viper |       |       |       |    44 |    53 |     6 |       |     3 ||   106
         Summon Guardian G |       |       |       |     1 |       |       |       |       ||     1
         Monstrous Menager |       |       |       |     9 |   173 |    33 |    23 |    34 ||   272
         Dragon's Call     |       |       |       |       |     7 |    69 |    79 |    61 ||   216
         Blink             |       |       |       |       |       |       |       |     3 ||     3
         Passwall          |       |       |       |       |       |       |       |     1 ||     1
 Invoke: Recall Undead Har |       |       |     1 |     3 |     3 |     1 |     4 |     8 ||    20
         Bind Soul         |       |       |       |       |       |       |     1 |       ||     1
         Stop Recall       |       |       |       |       |       |       |       |     1 ||     1
  Evoke: Wand              |       |       |       |     7 |       |     7 |     1 |    17 ||    32
         Phantom mirror    |       |       |       |     1 |     1 |     1 |       |     2 ||     5
         Tin of tremorston |       |       |       |       |       |     2 |       |       ||     2
    Use: Scroll            |     4 |     5 |    11 |     6 |     6 |     9 |     1 |    25 ||    67
         Potion            |       |       |       |     2 |       |       |     1 |     9 ||    12
   Stab: Distracted        |       |       |       |       |       |       |       |     2 ||     2
 Armour: Skin              |    19 |    20 |   116 |    97 |    98 |   165 |    69 |    88 ||   672
  Dodge: Dodged            |    22 |    37 |   150 |   119 |   125 |   142 |   131 |    92 ||   818
  Block: Buckler           |       |       |       |    49 |    43 |    37 |    49 |    32 ||   210
         Kite shield       |       |       |       |       |       |       |       |    45 ||    45

Table legend: (Time is in decaauts)
 A = Elapsed time spent in this place.
 B = Non-inter-level travel time spent in this place.
 C = Inter-level travel time spent in this place.
 D = Time resting spent in this place.
 E = Time spent auto-exploring this place.
 F = Levels seen in this place.
 G = Mean time per level.
                   A        B        C        D        E       F      G
               +--------+--------+--------+--------+--------+-----+--------+
         Total |  67456 |  61178 |   6278 |  15466 |  31681 |  59 | 1143.3 |
       Dungeon |  17211 |  14763 |   2448 |   1066 |  10450 |  15 | 1147.4 |
        Temple |    132 |     72 |     60 |      0 |     59 |   1 |  132.0 |
          Lair |   8495 |   7615 |    880 |   1155 |   4902 |   5 | 1699.0 |
        Shoals |   4512 |   4268 |    244 |    630 |   2650 |   4 | 1128.0 |
   Spider Nest |   3942 |   3707 |    235 |    760 |   2016 |   4 |  985.5 |
    Slime Pits |   3022 |   2969 |     53 |   2406 |     91 |   5 |  604.4 |
  Orcish Mines |   1691 |   1565 |    126 |    183 |    835 |   2 |  845.5 |
   Elven Halls |   4710 |   4573 |    137 |   1747 |   1975 |   3 | 1570.0 |
        Vaults |  10800 |   9518 |   1282 |   2056 |   5349 |   5 | 2160.0 |
        Depths |   5264 |   4549 |    715 |   1080 |   2387 |   4 | 1316.0 |
           Zot |   4542 |   4448 |     94 |   3486 |    246 |   5 |  908.4 |
        Bazaar |    153 |    153 |      0 |      0 |    143 |   1 |  153.0 |
         Trove |     95 |     95 |      0 |      0 |     47 |   1 |   95.0 |
         Sewer |    755 |    755 |      0 |     23 |    248 |   1 |  755.0 |
        Bailey |    587 |    587 |      0 |    105 |    169 |   1 |  587.0 |
      Ice Cave |    530 |    530 |      0 |    215 |      0 |   1 |  530.0 |
      Gauntlet |   1006 |   1006 |      0 |    552 |    114 |   1 | 1006.0 |
               +--------+--------+--------+--------+--------+-----+--------+

Top non-repeatable levels by time:
  Lair:5: 2789 daAuts
   Zot:5: 2730 daAuts
Vaults:5: 2700 daAuts
Vaults:1: 2548 daAuts
   Elf:3: 2365 daAuts
Vaults:3: 2181 daAuts
  Lair:3: 2065 daAuts
     D:7: 1880 daAuts
Vaults:2: 1800 daAuts
Shoals:4: 1585 daAuts
Vaults:4: 1569 daAuts
    D:15: 1526 daAuts
Depths:2: 1524 daAuts
Spider:2: 1497 daAuts
  Lair:2: 1472 daAuts
